 Dungeon Crawl Stone Soup version 0.30.1-4-g462c640d31 (webtiles) character file.

Game seed: 6759898090773636484

1096 spardeous the Conjurer (level 7, -5/50 HPs)
             Began as a Demigod Conjurer on Sept 1, 2023.
             Slain by an ice beast (13 damage)
             ... on level 6 of the Dungeon.
             The game lasted 00:06:40 (6557 turns).

spardeous the Conjurer (Demigod Conjurer)           Turns: 6557, Time: 00:06:40

Health: -5/50      AC:  6    Str:  8    XL:     7   Next: 84%
Magic:  12/19      EV: 10    Int: 28    God:
Gold:   1420       SH:  5    Dex: 12    Spells: 10/17 levels left

rFire   . . .        (no weapon)
rCold   . . .        (no shield)
rNeg    . . .        i - +0 ring mail
rPois   .            (no helmet)
rElec   .            t - +0 cloak
rCorr   .            (no gloves)
SInv    .            (no boots)
Will    +....        y - amulet of reflection
Stlth   +            p - ring of willpower
HPRegen 0.28/turn    (no ring)
MPRegen 0.16/turn

%: reflection
@: no status effects
A: high MP 1, forlorn, divine attributes
a: no special abilities


You were on level 6 of the Dungeon.
You visited 1 branch of the dungeon, and saw 6 of its levels.
You also visited: Sewer.

You collected 1420 gold pieces.

Inventory:

Missiles
 x - 3 throwing nets
Armour
 a - a +0 robe
 e - a +3 scale mail
 i - a +0 ring mail (worn)
 k - a +0 tower shield
 t - a +0 cloak (worn)
Magical Staves
 u - a staff of cold
Jewellery
 p - a ring of willpower (left hand)
 y - an amulet of reflection (around neck)
Scrolls
 d - 2 scrolls of blinking
 h - 3 scrolls of fear
 j - 4 scrolls of poison
 l - a scroll of enchant armour
 n - a scroll of brand weapon
 o - 2 scrolls of teleportation
 q - a scroll of immolation
 A - a scroll of silence {unknown}
Potions
 b - a potion of cancellation {unknown}
 c - 4 potions of heal wounds {unknown}
 f - 2 potions of flight {unknown}
 g - 3 potions of haste {unknown}
 m - a potion of might {unknown}
 r - 2 potions of mutation {unknown}
 s - 2 potions of invisibility {unknown}
 v - a potion of attraction {unknown}
 w - a potion of ambrosia {unknown}
 C - a potion of degeneration {unknown}
 D - a potion of brilliance {unknown}


   Skills:
 - Level 1.7 Dodging
 - Level 1.7 Stealth
 + Level 5.9 Spellcasting
 + Level 7.2 Conjurations


You had 10 spell levels left.
You knew the following spells:

 Your Spells              Type           Power      Damage    Failure   Level
a - Magic Dart            Conj           100%       1d8       1%          1
b - Searing Ray           Conj           96%        2d7       1%          2
c - Iskenderun's Mystic   Conj/Tloc      28%        2d7       41%         4

Your spell library contained the following spells:

 Spells                   Type           Power      Damage    Failure   Level
 Dazzling Flash           Conj/Hex       56%        N/A       13%         3
 Hailstorm                Conj/Ice       28%        3d8       13%         3
 Blink                    Tloc           16%        N/A       28%         2
 Cigotuvi's Dreadful Rot  Necr/Pois/Air  16%        N/A       28%         2
 Fulminant Prism          Conj/Hex       14%        3d8       41%         4
 Gell's Gravitas          Tloc           8%         N/A       50%         3
 Ignite Poison            Fire/Tmut/Pois 8%         N/A       50%         3
 Teleport Other           Tloc           8%         N/A       50%         3
 Ice Form                 Ice/Tmut       8%         N/A       88%         4
 Manifold Assault         Tloc           8%         N/A       88%         4
 Freezing Cloud           Conj/Ice/Air   10%        6-21      89%         5
 Dispersal                Tloc           4%         N/A       100%        6
 Simulacrum               Ice/Necr       4%         N/A       100%        6
 Storm Form               Tmut/Air       4%         N/A       100%        7


Dungeon Overview and Level Annotations

Branches:
Dungeon (6/15)             Temple (0/1) D:5           Sewer (visited)

Annotations:
D:4 2 transporters, 1 runed translucent door, Age's ghost, amateur MiFi


Innate Abilities, Weirdness & Mutations

You have an increased reservoir of magic. (+10% MP)
You shall have no god before yourself.
Your divine heritage dramatically boosts your attributes as you level up.


Message History

The ice beast moves out of view.
An ice beast is nearby!
An ice beast is nearby!
An ice beast is nearby!
Casting: Searing Ray (safe; 1% risk of failure)
Confirm with . or Enter, or press ? or * to list all spells.
Aiming: Searing Ray (safe; 1% risk of failure)
Press: ? - help, Shift-Dir - straight line, f - ice beast
Aim: an ice beast (83% to hit)
The searing ray hits the ice beast!
The ice beast is moderately wounded. (Press . to maintain the ray.)
The ice beast hits you. The ice beast freezes you!
You take 16 damage, and have 34/50 hp.
MASSIVE DAMAGE!!
You now have 17/19 mp.
The searing ray misses the ice beast.
The ice beast misses you.
You now have 16/19 mp.
The searing ray misses the ice beast.
The ice beast hits you. The ice beast freezes you!
* * * LOW HITPOINT WARNING * * *
You take 16 damage, and have 18/50 hp.
MASSIVE DAMAGE!!
You now have 15/19 mp.
The searing ray hits the ice beast!
The ice beast is severely wounded.
You finish channelling your searing ray.
The ice beast hits you.
* * * LOW HITPOINT WARNING * * *
The ice beast freezes you.
* * * LOW HITPOINT WARNING * * *
You take 8 damage, and have 10/50 hp.
You now have 14/19 mp.
Casting: Searing Ray (safe; 1% risk of failure)
Confirm with . or Enter, or press ? or * to list all spells.
Aiming: Searing Ray (safe; 1% risk of failure)
Press: ? - help, Shift-Dir - straight line, f/p - ice beast
Aim: an ice beast (severely wounded, 83% to hit)
The searing ray hits the ice beast.
The ice beast is severely wounded. (Press . to maintain the ray.)
The ice beast hits you.
* * * LOW HITPOINT WARNING * * *
The ice beast freezes you!
You die...

#.......#
###.....#
#.....#
####..##
##..##
##.
##..###
...
##...# ..
###.#.#.#
#@Y...#
#######


You could see an ice beast.

Vanquished Creatures
  A water moccasin (D:5)
  The ghost of spardeous the Conjurer, an amateur DgCj (D:3)
  2 ogres (D:5)
  A bullfrog (D:6)
  2 hounds
  2 orc priests (D:4)
  6 jellies
  An iguana (D:5)
  2 orc wizards
  A sleepcap (D:4)
  7 gnolls
  4 adders
  A river rat (Sewer)
  2 white imps (D:6)
  2 worms
  3 dart slugs
  18 orcs
  18 endoplasms
  11 giant cockroaches
  8 goblins
  8 hobgoblins
  6 quokkas
  8 ball pythons
  2 bats (D:1)
  7 frilled lizards
  5 kobolds
  8 rats
137 creatures vanquished.

Notes
Turn   | Place    | Note
-------+----------+-------------------------------------------
     0 | D:1      | spardeous the Demigod Conjurer began the quest for the Orb.
     0 | D:1      | Reached XP level 1. HP: 14/14 MP: 5/5
   468 | D:1      | Reached XP level 2. HP: 20/20 MP: 4/7
   672 | D:1      | Reached skill level 4 in Conjurations
  1422 | D:2      | Reached XP level 3. HP: 26/26 MP: 5/9
  2144 | D:3      | Found a runed translucent gate.
  2145 | D:3      | Found a runed translucent gate.
  2145 | D:3      | Found a runed translucent gate.
  2145 | D:3      | Noticed spardeous's ghost (amateur DgCj)
  2326 | D:3      | Found a glowing drain.
  2389 | Sewer    | Entered a sewer
  2504 | Sewer    | Learned a level 2 spell: Searing Ray
  2639 | Sewer    | Reached XP level 4. HP: 6/33 MP: 9/11
  3147 | Sewer    | Reached skill level 5 in Conjurations
  3147 | Sewer    | Reached XP level 5. HP: 37/38 MP: 6/13
  4154 | D:3      | Killed spardeous's ghost
  4273 | D:4      | Reached XP level 6. HP: 45/45 MP: 13/15
  4278 | D:4      | Learned a level 4 spell: Iskenderun's Mystic Blast
  4349 | D:4      | Found a transporter.
  4807 | D:4      | Reached skill level 6 in Conjurations
  4881 | D:4      | Found a runed translucent door.
  4889 | D:4      | Noticed Age's ghost (amateur MiFi)
  4913 | D:4      | Found a runed translucent door.
  5102 | D:4      | Found a transporter.
  5293 | D:5      | Entered Level 5 of the Dungeon
  5355 | D:5      | Reached XP level 7. HP: 50/50 MP: 11/17
  5434 | D:5      | Reached skill level 5 in Spellcasting
  5677 | D:5      | Found a staircase to the Ecumenical Temple.
  6193 | D:5      | Identified a scroll of acquirement
  6194 | D:5      | Acquired 1169 gold pieces
  6349 | D:6      | Reached skill level 7 in Conjurations
  6557 | D:6      | Slain by an ice beast

Illustrated notes

Levels and vault maps discovered:
D:1:      minmay_arrival_jagged, layout_loops_cross
D:2:      layout_rooms, interstate_on_off, guppyfry_early_lair_pool
D:3:      layout_loops_corners, biasface_ghost_orc_armoury, gup_sewer_entry_pipe
D:4:      gammafunk_cloud_chamber, layout_rooms, ebering_ghost_sewer_f
D:5:      layout_cave_pools, minmay_temple_entry_junction_2
D:6:      layout_basic, serial_glass, glass_columns_b, glass_columns_a

Skill      XL: |  1  2  3  4  5  6  7 |
---------------+----------------------+-----
Spellcasting   | 2 3 4 5 |  5.9
Conjurations   | 4 5 6 7 |  7.2
Dodging        | |  1.7
Stealth        | |  1.7

Action                     |  1- 3 |  4- 6 |  7- 9 || total
---------------------------+-------+-------+-------++-------
   Cast: Magic Dart        |   129 |   127 |    31 ||   287
         Searing Ray       |       |     7 |    15 ||    22
    Use: Potion            |     1 |       |       ||     1
         Scroll            |       |     7 |     2 ||     9
 Armour: Robe              |     6 |       |       ||     6
         Ring mail         |    10 |    12 |     2 ||    24
  Dodge: Dodged            |    48 |    15 |     7 ||    70
  Block: Other             |       |     2 |     3 ||     5
